 Dungeon Crawl Stone Soup version 0.30.0-30-g96aa6591b8 (webtiles) character file.

Game seed: 6183104746885018402

45 Ayven the Sneak (level 3, -2/18 HPs)
             Began as a Spriggan Brigand on June 27, 2023.
             Slain by an orc
             ... wielding a +0 war axe
              (8 damage)
             ... on level 4 of the Dungeon.
             The game lasted 00:03:20 (841 turns).

Ayven the Sneak (Spriggan Brigand)                   Turns: 841, Time: 00:03:20

Health: -2/18      AC:  3    Str:  7    XL:     3   Next: 42%
Magic:  4/4        EV: 17    Int: 12    God:
Gold:   44         SH:  0    Dex: 18    Spells: 2/2 levels left

rFire   . . .        a - +2 dagger
rCold   . . .        (no shield)
rNeg    . . .        b - +0 robe
rPois   .            (helmet restricted)
rElec   .            c - +0 cloak
rCorr   .            (gloves unavailable)
SInv    +            (boots unavailable)
Will    .....        (no amulet)
Stlth   ++++         (no ring)
HPRegen 0.23/turn    (no ring)
MPRegen 0.09/turn

%: no passive effects
@: very quick
A: very small, no large weapons, unfitting armour, see invisible, speed 3
a: no special abilities


You were on level 4 of the Dungeon.
You visited 1 branch of the dungeon, and saw 4 of its levels.

You collected 44 gold pieces.

Inventory:

Hand Weapons
 a - a +2 dagger (weapon)
Missiles
 d - 7 poisoned darts (quivered)
 e - 3 curare-tipped darts
Armour
 b - a +0 robe (worn)
 c - a +0 cloak (worn)
Wands
 i - a wand of flame (21)
Scrolls
 g - 2 scrolls of fear {unknown}
Potions
 f - a potion of cancellation {unknown}
 h - 2 potions of ambrosia {unknown}


   Skills:
 - Level 1.5 Fighting
 - Level 2.1 Short Blades
 + Level 2.2 Throwing
 + Level 1.9 Dodging
 + Level 7.6 Stealth


You had 2 spell levels left.
You didn't know any spells.
Your spell library contained the following spells:

 Spells                   Type           Power      Damage    Failure   Level
 Sandblast                Erth           0%         2d4       32%         1
 Ensorcelled Hibernation  Hex/Ice        0%         N/A       45%         2
 Passwall                 Tmut/Erth      0%         N/A       45%         2
 Swiftness                Air            0%         N/A       69%         3


Dungeon Overview and Level Annotations

Branches:
Dungeon (4/15)
 Temple: D:4-7

Altars:

Portals:
Ossuary: D:4


Innate Abilities, Weirdness & Mutations

You are very small and have problems with some larger weapons.
You are too small for most types of armour.
You have supernaturally acute eyesight. (SInv)
You cover ground extremely quickly. (Speed+++)


Message History

Found a flail.
You hit the iguana but do no damage. The iguana barely misses you.
You hit the iguana.
The iguana is lightly wounded.
The iguana barely misses you.
The orc wizard shouts!
You hit the iguana.
The iguana is moderately wounded.
The orc wizard casts a spell at you. The magic dart hits you!
Ouch! That really hurt!
The iguana closely misses you.
You closely miss the iguana.
The iguana is moderately wounded.
You hear the slow hiss of a distant avalanche of sand.
The iguana bites you.
You hit the iguana but do no damage.
The iguana is moderately wounded.
The iguana misses you.
You barely miss the iguana.
The iguana is moderately wounded.
The iguana barely misses you.
You hit the iguana but do no damage.
The iguana is moderately wounded.
The iguana completely misses you.
The orc wizard hits you with a +0 dagger.
You completely miss the iguana.
The iguana is moderately wounded.
You hit the iguana.
The iguana is heavily wounded.
The orc wizard closely misses you. The iguana closely misses you.
You hit the iguana.
The iguana is heavily wounded.
The orc closely misses you.
The orc wizard hits you with a +0 dagger.
The iguana barely misses you.
You hit the iguana but do no damage.
The iguana is heavily wounded.
The orc hits you with a +0 war axe!
You die...

#####
...###....#####.... #
....#............. # #.
#.#.#....o........
..#.###.#...o...........
..........#.....####....
..........#... ####.
#.......o.#.### ###.
+.....l@o$.o..# ###...
#...#..####.#.# ###...##
# #.. ...#.# #...####
#.# #####.# #.### # #)
#.# #.# #
#.#.#####.###.# # #
#.....#.....# #
#....#### # ##.>.# #


You could see an iguana, an orc wizard and 2 orcs.

Vanquished Creatures
  2 adders (D:2)
  A shadow imp (D:3)
  A dart slug (D:2)
  An orc (D:4)
  2 bats
  2 endoplasms
  A giant cockroach (D:3)
  2 hobgoblins
  A kobold (D:1)
  A quokka (D:4)
  A ball python (D:2)
  A goblin (D:2)
  2 rat zombies (D:4)
18 creatures vanquished.

Notes
Turn   | Place    | Note
-------+----------+-------------------------------------------
     0 | D:1      | Ayven the Spriggan Brigand began the quest for the Orb.
     0 | D:1      | Reached XP level 1. HP: 10/10 MP: 2/2
    54 | D:1      | Reached skill level 6 in Stealth
   200 | D:2      | Reached XP level 2. HP: 12/14 MP: 3/3
   230 | D:2      | Found a faded altar of an unknown god.
   253 | D:2      | Got Plato's Grimoire of Topography
   352 | D:2      | Reached skill level 7 in Stealth
   389 | D:2      | Reached XP level 3. HP: 17/18 MP: 4/4
   702 | D:4      | Found a sand-covered staircase.
   841 | D:4      | Slain by an orc

Illustrated notes

Levels and vault maps discovered:
D:1:      kennysheep_arrival_seaside, layout_basic
D:2:      layout_loops_corners, shapermc_ecumenical_altar_rom_forum,
          minmay_ruptured
D:3:      layout_basic, gammafunk_temple_overflow_elements,
          minmay_divided_ellipse, uniq_sigmund, uniq_terence
D:4:      layout_basic, enter_ossuary_4

Skill      XL: |  1  2 |
---------------+-------+-----
Stealth        | 6 7 |  7.6
Fighting       | |  1.5
Short Blades   | |  2.1
Throwing       | |  2.2
Dodging        | |  1.9

Action                     || total
---------------------------++-------
  Melee: Dagger            ||    63
  Throw: Dart              ||    10
    Use: Scroll            ||     1
   Stab: Sleeping          ||     6
 Armour: Robe              ||    12
  Dodge: Dodged            ||    38
